 Dungeon Crawl Stone Soup version 0.31.0-11-ge490571c62 (webtiles) character file.

Game seed: 13630554355072612881

85 StylePro the Covered (level 4, -5/29 HPs)
             Began as a Gargoyle Fighter on Feb 1, 2024.
             Slain by a gnoll
             ... wielding a +0 spear
              (7 damage)
             ... on level 2 of the Dungeon.
             The game lasted 00:01:27 (1388 turns).

StylePro the Covered (Gargoyle Fighter)             Turns: 1388, Time: 00:01:28

Health: -5/29      AC: 13    Str: 22    XL:     4   Next: 48%
Magic:  4/4        EV:  8    Int:  8    God:
Gold:   97         SH:  4    Dex:  9    Spells: 3/3 levels left

rFire   . . .        a - +0 flail
rCold   . . .        c - +0 buckler
rNeg    + . .        k - +0 chain mail
rPois   ∞            (no helmet)
rElec   +            (no cloak)
rCorr   .            (no gloves)
SInv    .            (no boots)
Will    .....        (no amulet) Stlth
                     (no ring)
HPRegen 0.24/turn    (no ring)
MPRegen 0.09/turn

%: no passive effects
@: no status effects
A: sickness immunity, AC +3, negative energy resistance 1, electricity
resistance, torment resistance 1, petrification resistance
a: no special abilities


You were on level 2 of the Dungeon.
You visited 1 branch of the dungeon, and saw 2 of its levels.

You collected 97 gold pieces.

Inventory:

Hand Weapons
 a - a +0 flail (weapon)
Armour
 c - a +0 buckler (worn)
 k - a +0 chain mail (worn)
Jewellery
 n - a ring of wizardry
 o - a +4 ring of slaying
Scrolls
 e - a scroll of torment {unknown}
 f - a scroll of amnesia {unknown}
 h - a scroll of teleportation {unknown}
 j - 3 scrolls of fear {unknown}
 l - 2 scrolls of identify {unknown}
Potions
 b - a potion of cancellation {unknown}
 d - 2 potions of might
 g - a potion of enlightenment {unknown}
 i - 3 potions of curing {unknown}
 m - a potion of heal wounds {unknown}


   Skills:
 + Level 3.9 Fighting
 * Level 3.5 Maces & Flails
 + Level 4.0 Armour
 - Level 3.2 Shields


You had 3 spell levels left.
You didn't know any spells.
Your spell library contained the following spells:

 Spells                   Type           Power      Damage    Failure   Level
 Call Canine Familiar     Summ           0%         N/A       100%        3
 Sigil of Binding         Hex            0%         N/A       100%        3
 Volatile Blastmotes      Fire/Tloc      0%         2d10      100%        3
 Dimensional Bullseye     Hex/Tloc       0%         N/A       100%        4
 Fulminant Prism          Conj/Alch      0%         3d5       100%        4
 Iskenderun's Mystic Bla  Conj/Tloc      0%         2d3       100%        4


Dungeon Overview and Level Annotations

Branches:
Dungeon (2/15)

Altars:


Innate Abilities, Weirdness & Mutations

You are immune to sickness and miasma.
Your stone body is resilient. (AC +3)
You are immune to poison.
You resist negative energy. (rN+)
You are resistant to electric shocks. (rElec)
You are resistant to unholy torment.
You are immune to petrification.


Message History

The gnoll barely misses you.
You hit the gnoll.
You kill the gnoll!
The gnoll barely misses you. The gnoll hits you with a +0 spear.
* * * LOW HITPOINT WARNING * * *
You see here a +0 spear.
You barely miss the gnoll. The gnoll hits you but does no damage.
You hit the gnoll but do no damage. You block the gnoll's attack.
You closely miss the gnoll. You block the gnoll's attack.
The gnoll hits you but does no damage.
You closely miss the gnoll. The gnoll hits you but does no damage.
The gnoll barely misses you.
You closely miss the gnoll. The gnoll hits you with a +0 spear.
* * * LOW HITPOINT WARNING * * *
You block the gnoll's attack.
You sock the gnoll!
The gnoll is severely wounded.
The gnoll barely misses you. You block the gnoll's attack.
The gnoll hits you but does no damage. x2
You hit the gnoll.
You kill the gnoll!
The gnoll hits you but does no damage.
Your Armour skill increases to level 4!
You hit the hobgoblin.
The hobgoblin is heavily wounded.
The gnoll barely misses you. The hobgoblin barely misses you.
You closely miss the hobgoblin.
The hobgoblin is heavily wounded.
The gnoll hits you with a +0 spear.
* * * LOW HITPOINT WARNING * * *
The hobgoblin barely misses you.
The hobgoblin hits you but does no damage.
The gnoll hits you but does no damage.
You sock the hobgoblin!
You kill the hobgoblin!
You block the gnoll's attack.
You barely miss the gnoll. You block the gnoll's attack.
You barely miss the gnoll. The gnoll hits you with a +0 spear!
You die...

########.##########
######.. ♣.♣♣♣ ##.
♣...♣♣ #. ♣♣♣..♣♣
#. ♣♣..♣ #. ♣.♣♣ ♣♣
#. ♣♣.♣♣ .. #.
♣♣.♣♣♣♣.♣ #.
♣).♣♣@).♣ #.
♣♣...g♣♣♣ #. ♣♣♣.♣♣
#. .♣♣ #. ♣♣ #. #.
#. #. #.


You could see a gnoll.

Vanquished Creatures
  3 gnolls (D:2)
  A dart slug (D:2)
  6 ball pythons
  5 endoplasms
  6 goblins
  4 hobgoblins
  5 jackals
  10 kobolds
  2 quokkas
  2 bats
  A frilled lizard (D:2)
  4 rats
49 creatures vanquished.

Notes
Turn   | Place    | Note
-------+----------+-------------------------------------------
     0 | D:1      | StylePro the Gargoyle Fighter began the quest for the Orb.
     0 | D:1      | Reached XP level 1. HP: 14/14 MP: 1/1
   137 | D:1      | Reached XP level 2. HP: 19/19 MP: 2/2
   648 | D:1      | Reached XP level 3. HP: 23/23 MP: 3/3
  1371 | D:2      | Reached XP level 4. HP: 23/29 MP: 4/4
  1384 | D:2      | Reached skill level 4 in Armour
  1385 | D:2      | HP: 1/29 [gnoll/+0 spear (6)]
  1388 | D:2      | Slain by a gnoll

Illustrated notes

Levels and vault maps discovered:
D:1:      minmay_arrival_three_doors, layout_basic
D:2:      kb_forest_paths, layout_basic

Skill      XL: |  1  2  3  4 |
---------------+-------------+-----
Maces & Flails | 3 |  3.5
Armour         | 4 |  4.0
Fighting       | |  3.9
Shields        | |  3.2

Action                     |  1- 3 |  4- 6 || total
---------------------------+-------+-------++-------
  Melee: Flail             |   135 |    17 ||   152
 Armour: Scale mail        |    54 |       ||    54
         Chain mail        |    64 |    19 ||    83
  Dodge: Dodged            |    61 |     7 ||    68
  Block: Buckler           |    25 |     8 ||    33
